 Dungeon Crawl Stone Soup version 0.28.0-43-g3370ac3207 (webtiles) character file.

Game seed: 4766638476597843394

66 pkoi the Gusty (level 3, 0/16 HPs)
             Began as a Spriggan Air Elementalist on Mar 8, 2022.
             Succumbed to an adder's poison
             ... on level 3 of the Dungeon.
             The game lasted 00:03:47 (3269 turns).

pkoi the Gusty (Spriggan Air Elementalist)          Turns: 3269, Time: 00:03:47

Health: 0/16       AC:  3    Str:  4    XL:     3   Next: 96%
Magic:  3/8        EV: 21    Int: 18    God:
Gold:   60         SH:  0    Dex: 15    Spells: 4/8 levels left

rFire   . . .      SeeInvis +   e - +0 dagger (spect)
rCold   . . .      Faith    .   (no shield)
rNeg    . . .      Spirit   .   a - +1 robe
rPois   .          Reflect  .   (helmet restricted)
rElec   .          Harm     .   (no cloak)
rCorr   .          Rampage  .   (gloves unavailable)
Will    .....                   (boots unavailable)
Stlth   ++........              (no amulet)
HPRegen 0.05/turn               j - +4 ring of evasion
MPRegen 0.11/turn               (no ring)

@: lethally poisoned (0 -> -3), very slightly contaminated, very quick
A: very small, no large weapons, unfitting armour, see invisible, speed 3
a: no special abilities


You were on level 3 of the Dungeon.
You visited 1 branch of the dungeon, and saw 3 of its levels.

You collected 60 gold pieces.

Inventory:

Hand Weapons
 e - a +0 spectral dagger (weapon)
Missiles
 g - 3 poisoned darts
Armour
 a - a +1 robe (worn)
Jewellery
 c - a ring of ice
 j - a +4 ring of evasion (left hand)
Scrolls
 b - a scroll of identify
Potions
 d - a potion of brilliance


   Skills:
 - Level 2.6 Dodging
 - Level 3.0 Stealth
 + Level 3.4 Spellcasting
 - Level 0.6 Conjurations
 + Level 4.1 Air Magic


You had 4 spell levels left.
You knew the following spells:

 Your Spells              Type           Power      Damage    Failure   Level
a - Shock                 Conj/Air       44%        1d5       6%          1
b - Swiftness             Air            18%        N/A       9%          3

Your spell library contained the following spells:

 Spells                   Type           Power      Damage    Failure   Level
 Static Discharge         Conj/Air       11%        N/A       9%          2
 Airstrike                Air            9%         N/A       28%         4


Dungeon Overview and Level Annotations

Branches:
Dungeon (3/15)

Altars:


Innate Abilities, Weirdness & Mutations

You are very small and have problems with some larger weapons.
You are too small for most types of armour.
You have supernaturally acute eyesight. (SInv)
You cover ground extremely quickly. (Speed+++)


Message History

The zap misses the adder.
The zap misses the adder.
You miscast Shock.
Nothing appears to happen.
The adder bites you.
* * * LOW HITPOINT WARNING * * *
You are too injured to fight recklessly!
You are too injured to fight recklessly!
You barely miss the adder.
Your +0 spectral dagger hits the adder.
The adder bites you.
* * * LOW HITPOINT WARNING * * *
You are poisoned.
The adder poisons you!
You miss the adder.
The adder is heavily wounded.
Your +0 spectral dagger hits the adder.
You feel sick. The adder bites you.
* * * LOW HITPOINT WARNING * * *
You are lethally poisoned!
The adder poisons you! The adder misses you.
You closely miss the adder.
The adder is severely wounded.
Your +0 spectral dagger closely misses the adder.
* * * LOW HITPOINT WARNING * * *
You feel sick. The adder barely misses you.
Unknown command.
Aiming: Shock (safe; 6% risk of failure)
Press: ? - help, Q - select action, (/) - cycle Shift-Dir - straight line, f/p - adder
Aim: an adder (severely wounded, 48% to hit)
The zap hits the adder.
You kill the adder!
* * * LOW HITPOINT WARNING * * *
You feel sick.
Unknown command.
Okay, then.
Okay, then.
* * * LOW HITPOINT WARNING * * *
You feel sick.
You see here an adder corpse.
* * * LOW HITPOINT WARNING * * *
You feel sick.
An adder comes into view.
You die...

#########
........#+####.
................
.................
.S...............
...............#
........†......#
#@.......#
#........#
##.......#
#.†.....#
##...#### #...#
#...# #...#
######...#####


You could see an adder (asleep).

Vanquished Creatures
  An adder (D:3)
  2 worms
  2 dart slugs (D:1)
  5 ball pythons
  3 endoplasms
  3 giant cockroaches (D:1)
  3 goblins
  6 hobgoblins (D:1)
  3 kobolds (D:1)
  2 quokkas (D:2)
  5 bats
  2 frilled lizards (D:1)
  8 rats
45 creatures vanquished.

Notes
Turn   | Place    | Note
-------+----------+-------------------------------------------
     0 | D:1      | pkoi the Spriggan Air Elementalist began the quest for the
                  | Orb.
     0 | D:1      | Reached XP level 1. HP: 9/9 MP: 5/5
    58 | D:1      | You fall into a shaft and drop 1 floor!
    92 | D:2      | Found a faded altar of an unknown god.
   164 | D:1      | Reached skill level 3 in Air Magic
   418 | D:1      | Reached XP level 2. HP: 13/13 MP: 2/6
  1307 | D:1      | Reached XP level 3. HP: 16/16 MP: 5/8
  1336 | D:1      | Learned a level 3 spell: Swiftness
  2043 | D:1      | Reached skill level 4 in Air Magic
  3269 | D:3      | Succumbed to an adder's poison

Illustrated notes

Levels and vault maps discovered:
D:1:      psy_arrival_statuary, layout_loops_ring
D:2:      layout_rooms, basic_ecumenical_altar
D:3:      layout_basic, minmay_cupped

Skill      XL: |  1  2  3 |
---------------+----------+-----
Air Magic      | 3 4 |  4.1
Spellcasting   | 3 |  3.4
Dodging        | |  2.6
Stealth        | |  3.0
Conjurations   | |  0.6

Action                   || total
-------------------------++-------
Melee: Dagger            ||    36
       Punch             ||     1
 Cast: Shock             ||   139
  Use: Scroll            ||     5
Armor: Robe              ||     4
Dodge: Dodged            ||    43
